 Dungeon Crawl Stone Soup version 0.31.0-11-ge490571c62 (webtiles) character file.

Game seed: 15550026559906750090

2 Esekla the Trooper (level 1, -1/19 HPs)
             Began as a Barachi Cinder Acolyte on Jan 27, 2024.
             Was a High Priest of Ignis.
             Slain by a ball python (3 damage)
             ... on level 1 of the Dungeon.
             The game lasted 00:00:23 (27 turns).

Esekla the Trooper (Barachi Cinder Acolyte)           Turns: 27, Time: 00:00:23

Health: -1/19      AC:  2    Str: 15    XL:     1   Next: 40%
Magic:  2/2        EV:  8    Int: 14    God:    Ignis [*****.]
Gold:   0          SH:  0    Dex:  7    Spells: 2/2 levels left

rFire   + . .        a - -1 falchion (flame)
rCold   . . .        (no shield)
rNeg    . . .        b - +0 robe
rPois   .            (no helmet)
rElec   .            (no cloak)
rCorr   .            (no gloves)
SInv    .            (no boots)
Will    .....        (no amulet)
Stlth   +            (no ring)
HPRegen 0.23/turn    (no ring)
MPRegen 0.08/turn

%: no passive effects
@: constricted, slow
A: amphibious, slowness 1, strong legs 1, +LOS
a: Hop, Renounce Religion, Fiery Armour, Foxfire Swarm, Rising Flame


You were on level 1 of the Dungeon.
You worshipped Ignis.
Ignis was extremely pleased with you.
You visited 1 branch of the dungeon, and saw 1 of its levels.

Inventory:

Hand Weapons
 a - a -1 falchion of flaming (weapon)
Armour
 b - a +0 robe (worn)


   Skills:
 * Level 3.8 Fighting
 * Level 3.6 Long Blades
 * Level 1.1 Spellcasting
 + Level 3.2 Fire Magic


You had 2 spell levels left.
You didn't know any spells.
Your spell library contained the following spells:

 Spells                   Type           Power      Damage    Failure   Level
 Scorch                   Fire           18%        2d5       11%         2


Dungeon Overview and Level Annotations

Branches:
Dungeon (1/15)

Altars:


Innate Abilities, Weirdness & Mutations

You are amphibious.
You cover ground slowly.
You can hop short distances.
You have an extended range of vision and can be seen from far away.


Message History

You closely miss the ball python. The ball python closely misses you.
The ball python constricts you.
You closely miss the ball python.
The ball python bites you but does no damage.
The ball python constricts you. The ball python bites you.
The ball python constricts you.
You barely miss the ball python. The ball python completely misses you.
The ball python constricts you.
You closely miss the ball python. The ball python barely misses you.
The ball python constricts you.
The ball python bites you but does no damage.
The ball python constricts you.
You hit the ball python. You burn the ball python.
You kill the ball python!
You hit the quokka but do no damage. The quokka bites you.
You hit the quokka but do no damage. The quokka bites you.
The quokka barely misses you.
You hit the quokka. You burn the quokka.
The quokka is heavily wounded.
The quokka bites you but does no damage.
You closely miss the quokka.
The quokka is heavily wounded.
The quokka bites you.
* * * LOW HITPOINT WARNING * * *
You closely miss the quokka.
The quokka is heavily wounded.
The quokka closely misses you. x2
You closely miss the quokka.
The quokka is heavily wounded.
The quokka barely misses you.
You hit the quokka. You burn the quokka.
You kill the quokka!
You barely miss the ball python. The ball python bites you.
* * * LOW HITPOINT WARNING * * *
The ball python grabs you. The ball python constricts you.
* * * LOW HITPOINT WARNING * * *
The ball python bites you but does no damage.
The ball python constricts you.
You closely miss the ball python. The ball python bites you.
You die...

## .. #. .# ###
#.# #.# ..##
###.###...##..#
+..<.@S.......#
###.#######....
#.........)...#
####.#####.####
# #


You could see a ball python.

Vanquished Creatures
  A quokka (D:1)
  A ball python (D:1)
  A rat (D:1)
3 creatures vanquished.

Notes
Turn   | Place    | Note
-------+----------+-------------------------------------------
     0 | D:1      | Esekla the Barachi Cinder Acolyte began the quest for the
                  | Orb.
     0 | D:1      | Reached XP level 1. HP: 18/18 MP: 2/2
    27 | D:1      | Slain by a ball python

Illustrated notes

Levels and vault maps discovered:
D:1:      shiori_shiawase, layout_rooms

Action                     || total
---------------------------++-------
  Melee: Falchion          ||    20
 Armour: Robe              ||    13
  Dodge: Dodged            ||    13
